 Dungeon Crawl Stone Soup version 0.28.0 (webtiles) character file.

Game seed: 6891521356631656174

17 GrayStillPlays the Sneak (level 2, -2/13 HPs)
             Began as a Spriggan Enchanter on Feb 9, 2022.
             Slain by a quokka (4 damage)
             ... on level 1 of the Dungeon.
             The game lasted 00:01:11 (431 turns).

GrayStillPlays the Sneak (Spriggan Enchanter)        Turns: 431, Time: 00:01:11

Health: -2/13      AC:  2    Str:  4    XL:     2   Next: 44%
Magic:  7/7        EV: 17    Int: 16    God:
Gold:   0          SH:  0    Dex: 15    Spells: 7/7 levels left

rFire   . . .      SeeInvis +   a - +1 dagger {short}
rCold   . . .      Faith    .   (no shield)
rNeg    . . .      Spirit   .   b - +0 robe
rPois   .          Reflect  .   (helmet restricted)
rElec   .          Harm     .   (no cloak)
rCorr   .          Rampage  .   (gloves unavailable)
Will    .....                   (boots unavailable)
Stlth   +++.......              (no amulet)
HPRegen 0.04/turn               (no ring)
MPRegen 0.10/turn               (no ring)

@: very quick
A: very small, no large weapons, unfitting armour, see invisible, speed 3
a: no special abilities


You were on level 1 of the Dungeon.
You visited 1 branch of the dungeon, and saw 1 of its levels.


Innate Abilities, Weirdness & Mutations

You are very small and have problems with some larger weapons.
You are too small for most types of armour.
You have supernaturally acute eyesight. (SInv)
You cover ground extremely quickly. (Speed+++)


   Skills:
 + Level 1.5 Short Blades
 + Level 3.0 Dodging
 + Level 4.7 Stealth
 + Level 3.0 Spellcasting
 + Level 3.8 Hexes


You had 7 spell levels left.
You didn't know any spells.
Your spell library contained the following spells:

 Spells                   Type           Power      Damage    Failure   Level
 Confusing Touch          Hex            14%        N/A       12%         3
 Tukima's Dance           Hex            14%        N/A       12%         3
 Ensorcelled Hibernation  Hex/Ice        16%        N/A       13%         2
 Dazzling Flash           Conj/Hex       16%        N/A       26%         3

Inventory:

Hand Weapons
 a - a +1 dagger (weapon) {short}
Missiles
 e - 10 arrows
 g - 19 stones (quivered) {throwing}
 h - 5 poisoned darts {throwing}
Armour
 b - a +0 robe (worn)
Jewellery
 d - a +4 ring of protection
   (You found it on level 1 of the Dungeon)
Scrolls
 f - a scroll of immolation {unknown}
Potions
 c - a potion of invisibility
 i - a potion of haste {unknown}

Dungeon Overview and Level Annotations

Branches:
Dungeon (1/15)

Altars:

..#...#.....######## #....
..#...#..#....##...#### #....
.........#....#..#....#######....
.........###.รท...#....'..........
##########.......#....######.....
# #...#.###....# #..... ###
####....#....# ###+#. #>#####
#....#....# #. #....<#
###r@.###.## #. #.##### #.....#
#..# #.#. #'# #.....# ##.## #.#.
#.### ....##### #..### #.#. ....#
..... #....# #.#. ###.# #...
#.)..####.#. # .# ##โŒ
#....#...... # # .. #....#...... #
#....#......


You could see a quokka.


Message History

You hit the ball python.
You kill the ball python!
You see here a ball python corpse.
A rat comes into view.
A rat is nearby!
You hit the rat.
You kill the rat!
You open the door.
A bat and a giant cockroach come into view.
There are monsters nearby!
There is an open door here.
The helpless giant cockroach fails to defend itself.
You puncture the giant cockroach!
You kill the giant cockroach!
The helpless bat fails to defend itself.
You impale the bat!!
You kill the bat!
You have reached level 2! ๐Ÿ˜Ž HP[+4] MP[+1]
You now have 13 max hp (+4).
Your hp is fully restored (13).
Your mp is fully restored (6).
d - a +4 ring of protection You open the door.
Found a stone staircase leading down.
There is an open door here.
A giant cockroach and a hobgoblin come into view.
There are monsters nearby!
The helpless hobgoblin fails to defend itself.
You impale the hobgoblin!!
You kill the hobgoblin!
The helpless giant cockroach fails to defend itself.
You puncture the giant cockroach!
You kill the giant cockroach!
Your Dodging skill increases to level 3!
e - 10 arrows
f - a scroll labelled WEDGHU OMIUR
There is a stone staircase leading down here.
A quokka comes into view.
A quokka is nearby!
An endoplasm comes into view.
The helpless quokka fails to defend itself.
You puncture the quokka!
You kill the quokka!
The helpless endoplasm fails to defend itself.
You impale the endoplasm!!
You kill the endoplasm!
An endoplasm comes into view.
You see here 5 poisoned darts {throwing}.
The endoplasm misses you.
You hit the endoplasm but do no damage. The endoplasm misses you.
You hit the endoplasm but do no damage. The endoplasm barely misses you.
You hit the endoplasm. The endoplasm closely misses you.
You hit the endoplasm. The endoplasm freezes you.
You are frozen. ๐Ÿ˜ฎ HP[-5]
You take 5 damage, and now have 8/13 hp.
MASSIVE DAMAGE!! (PAUSE)
You hit the endoplasm but do no damage. The endoplasm barely misses you.
You hit the endoplasm.
You kill the endoplasm!
Your Spellcasting skill increases to level 3!
g - 19 stones {throwing}
h - 5 poisoned darts {throwing} ๐Ÿ˜Ž HP[+5] MP[+1]
Your hp is fully restored (13).
Your mp is fully restored (7).
i - a cyan potion You open the door.
There is an open door here.
There is an open door here.
A goblin comes into view. It is wielding a +0 club.
The helpless goblin fails to defend itself.
You impale the goblin!!
You kill the goblin!
Things that are here:
a +0 club {mace}; a goblin corpse A quokka comes into view.
You hit the quokka. The quokka barely misses you.
You hit the quokka. Your punch misses the quokka.
The quokka bites you. ๐Ÿ˜ฎ HP[-4]
You take 4 damage, and now have 9/13 hp.
MASSIVE DAMAGE!! (PAUSE)
You barely miss the quokka. The quokka barely misses you.
You closely miss the quokka. The quokka completely misses you.
You hit the quokka. The quokka bites you.
* * * LOW HITPOINT WARNING * * *
๐Ÿ˜จ HP[-4]
You take 4 damage, and now have 5/13 hp.
MASSIVE DAMAGE!! (PAUSE)
You hit the quokka but do no damage. The quokka bites you.
* * * LOW HITPOINT WARNING * * *
๐Ÿ˜ฑ HP[-3]
You take 3 damage, and now have 2/13 hp.
MASSIVE DAMAGE!! (PAUSE)
You hit the quokka but do no damage. The quokka closely misses you.
You hit the quokka but do no damage. The quokka completely misses you.
You barely miss the quokka. The quokka closely misses you.
You hit the quokka but do no damage. The quokka closely misses you.
The quokka bites you.
You die...

Skill      XL: |  1  2 |
---------------+-------+-----
Dodging        | 3 |  3.0
Spellcasting   | 3 |  3.0
Short Blades   | |  1.5
Stealth        | |  4.7
Hexes          | |  3.8

Action                   || total
-------------------------++-------
Melee: Dagger            ||    45
 Stab: Sleeping          ||     7
Armor: Robe              ||     3
Dodge: Dodged            ||    30

Levels and vault maps discovered:
D:1:      amcnicky_arrival_choice, layout_basic,
          ebering_ecumenical_altar_abandoned, hangedman_decor_push

Notes
Turn   | Place    | Note
-------+----------+-------------------------------------------
     0 | D:1      | GrayStillPlays the Spriggan Enchanter began the quest for
                  | the Orb.
     0 | D:1      | Reached XP level 1. HP: 9/9 MP: 5/5
     0 | D:1      | magus.rc [v1.9.6]
   134 | D:1      | Reached XP level 2. HP: 13/13 MP: 6/6
   159 | D:1      | Reached skill level 3 in Dodging
   244 | D:1      | Reached skill level 3 in Spellcasting
   427 | D:1      | HP: 2/13 [quokka (3)]
   431 | D:1      | Slain by a quokka

Vanquished Creatures
  A ball python (D:1)
  A bat (D:1)
  2 endoplasms (D:1)
  3 giant cockroaches (D:1)
  A goblin (D:1)
  2 hobgoblins (D:1)
  2 quokkas (D:1)
  A rat (D:1)
13 creatures vanquished.

Table legend:
 A = Non-vault XP
 B = Vault XP
 C = Vault XP percentage of total XP
 D = Non-vault monster count
 E = Vault monster count
 F = Vault count percentage of total count
                 A         B        C        D         E       F
            +---------+---------+-------+---------+---------+-------
      Total |      25 |       0 |   0.0 |      13 |       0 |   0.0
            +---------+---------+-------+---------+---------+-------
        D:1 |      25 |       0 |   0.0 |      13 |       0 |   0.0
            +---------+---------+-------+---------+---------+-------

Illustrated notes

Table legend:
 A = Kills in this place as a percentage of kills in entire the game.
 B = Kills by you in this place as a percentage of kills by you in the entire game.
 C = Kills by friends in this place as a percentage of kills by friends in the entire game.
 D = Other kills in this place as a percentage of other kills in the entire game.
 E = Experience gained in this place as a percentage of experience gained in the entire game.
 F = Experience gained in this place divided by the number of levels of this place that you have seen.
                   A       B       C       D       E      F
               +-------+-------+-------+-------+-------+----------------------
         Total | 100.0 | 100.0 |   N/A |   N/A | 100.0 |  25.0
       Dungeon | 100.0 | 100.0 |   N/A |   N/A | 100.0 |  25.0
               +-------+-------+-------+-------+-------+----------------------

Table legend: (Time is in decaauts)
 A = Elapsed time spent in this place.
 B = Non-inter-level travel time spent in this place.
 C = Inter-level travel time spent in this place.
 D = Time resting spent in this place.
 E = Time spent auto-exploring this place.
 F = Levels seen in this place.
 G = Mean time per level.
                   A        B        C        D        E       F      G
               +--------+--------+--------+--------+--------+-----+--------+
         Total |    342 |    342 |      0 |      0 |    253 |   1 |  342.0 |
       Dungeon |    342 |    342 |      0 |      0 |    253 |   1 |  342.0 |
               +--------+--------+--------+--------+--------+-----+--------+

Top non-repeatable levels by time:
     D:1: 342 daAuts
